Selects Air and Sea Battlegroup
Construct Section Command Post
Construct Platoon Command Post
Construct Field Infirmary
6-pounder Anti-tank Gun Team
Construct Company Command Post
Selects Commando Section Paradrop
Selects Commando Support Section Paradrop
Commando Section Paradrop
Commando Support Section Paradrop
Unlock M3 Grant Medium Tanks
Construct Field Infirmary
Unlock Bishop Self-propelled Artillery
Selects Naval Bombardment
Construct Field Infirmary
Construct Field Infirmary
Selects Incendiary Bombing Run